[Event "10th Cherry Blossom Classic 2023"]
[Site "Dulles"]
[Date "2023.05.26"]
[Round "2.1"]
[White "Roselli Mailhe, Bernardo"]
[Black "Antipov, Mikhail Al."]
[Result "1/2-1/2"]
[ECO "E11"]
[WhiteElo "2380"]
[BlackElo "2588"]
[Annotator "TA"]
[PlyCount "191"]
[EventDate "2023.05.24"]
[EventType "swiss"]
[EventCountry "USA"]
[SourceTitle "playchess.com"]
[Source "ChessBase"]
[SourceQuality "1"]
[TimeControl "5400+30"]

1. d4 Nf6 2. c4 e6 3. Nf3 Bb4+ 4. Nbd2 O-O 5. a3 Be7 6. e4 d6 7. Bd3 Nfd7 8. O-O e5 9. Rb1 a5 10. Bc2 exd4 11. Nxd4 Bf6 12. Ne2 Ne5 13. f4 Ng6 14. Nf3 Re8 15. Ng3 Na6 16. Be3 Nh4 17. Nd4 Nc5 (17... Bd7 $16) 18. b4 axb4 19. axb4 Ne6 20. f5 (20. Nh5 $18) 20... Nxd4 $16 21. Bxd4 Bxd4+ 22. Qxd4 Qg5 ({Better is} 22... b6) 23. Ra1 (23. Rf2 $16) 23... Rxa1 24. Rxa1 g6 25. Rf1 Bd7 26. Qf2 gxf5 27. Nxf5 Nxf5 28. exf5 b5 29. cxb5 (29. h4 $5 Qg4 30. cxb5 $15) 29... Bxb5 30. Re1 Rxe1+ 31. Qxe1 Qf4 (31... Bc6 $15 32. Be4 Bd7) 32. h4 $11 d5 33. Qf2 Qxb4 34. Qg3+ Kf8 35. Qxc7 Qd4+ (35... Qxh4 36. Qc5+ Kg7 37. Qxb5 $16) 36. Kh2 Qxh4+ 37. Kg1 Qe7 38. Qb6 Qe1+ 39. Kh2 Qe5+ 40. Kg1 d4 41. f6 Ke8 42. Qb7 Qc5 43. Bf5 d3+ (43... Qxf5 $2 44. Qe7#) 44. Kh1 Qc1+ (44... Qxf5 $2 45. Qe7#) 45. Kh2 Qf4+ 46. Kh1 Qh4+ (46... Qxf5 $2 47. Qe7#) 47. Bh3 Qe1+ 48. Kh2 Qe5+ 49. Kh1 (49. g3 $5 Kf8 50. Bf1 $15) 49... Kf8 50. Qa8+ (50. Bd7 {simplifies} Bxd7 51. Qxd7 Qxf6 52. Qxd3 h6 53. Qg3) 50... Qe8 $2 {[%emt 0:00:11] [#]} (50... Be8 $11 51. Qa3+ Kg8 52. Qxd3 Qxf6) 51. Qa3+ $1 $16 ({Of course not} 51. Qd5 $6 Qe3 $11) 51... Kg8 52. Qb4 ({White should play} 52. Qc5 $1 $14 h6 53. Qb4) 52... Kh8 $1 $11 53. Bf5 Qd8 54. Qh4 ({Don't play} 54. Qxb5 d2 55. Bg4 d1=Q+ 56. Bxd1 Qxd1+ 57. Kh2 Qd6+ 58. Kh3 Qe6+ 59. g4 Qxf6 $15) 54... Qg8 55. Qf2 Qg5 56. Qc5 d2 (56... Qh4+ $2 57. Bh3 Qe1+ 58. Kh2 $18) 57. Qf8+ Qg8 58. Qd6 Qa8 59. Kh2 Qe8 60. Bg4 Bc6 61. Qxd2 Qe5+ 62. Kg1 Qxf6 63. Qf2 Qa1+ 64. Kh2 Qe5+ 65. Qg3 Qf6 66. Bh3 Be4 67. Qb8+ Kg7 68. Qg3+ Bg6 69. Bg4 Qd4 70. Bf3 h6 71. Bh5 $1 Kf6 72. Bxg6 (72. Qf3+ {is interesting.} Kg5 73. Bxg6 Qh4+ 74. Kg1) 72... fxg6 73. Qf3+ Ke5 74. Qc6 Qd6 75. Qa8 g5 76. Kh1 g4 77. Qa1+ Qd4 78. Qe1+ Kf4 79. Qc1+ Qe3 80. Qc4+ Kg3 81. Qc7+ Kf2 82. Qf7+ Ke1 83. Qf5 Qd4 (83... g3 $5 84. Qb1+ Kf2 85. Qf5+ Ke2 86. Qc2+ Kf1 87. Qd1+ Qe1 88. Qf3+ Qf2 89. Qd1+ Qe1 $11) 84. Qe6+ Kf2 85. Qf7+ Kg3 86. Qc7+ Qf4 87. Qc3+ Kf2 88. Qc2+ Ke1 89. Qb1+ Ke2 90. Qc2+ Ke1 91. Qb1+ Kf2 92. Qc2+ Kg3 93. Qc3+ Kf2 94. Qc2+ Ke1 95. Qb1+ Ke2 96. Qc2+ 1/2-1/2

[Event "10th Cherry Blossom Classic 2023"]
[Site "Dulles"]
[Date "2023.05.26"]
[Round "2.2"]
[White "Muzychuk, Anna"]
[Black "Khanin, Semen"]
[Result "1/2-1/2"]
[ECO "C54"]
[WhiteElo "2504"]
[BlackElo "2566"]
[Annotator "TA"]
[PlyCount "186"]
[EventDate "2023.05.24"]
[EventType "swiss"]
[EventCountry "USA"]
[SourceTitle "playchess.com"]
[Source "ChessBase"]
[SourceQuality "1"]
[TimeControl "5400+30"]

1. e4 e5 2. Nf3 Nc6 3. Bc4 Nf6 4. d3 Bc5 5. c3 d6 6. O-O a6 7. a4 Ba7 8. Re1 h6 9. Nbd2 g5 10. b4 Nh7 11. Kh1 O-O 12. Qe2 Qf6 13. Rf1 Ne7 14. Ng1 c6 15. Bb2 d5 (15... Ng6 $5 ) 16. Bb3 Ng6 17. g3 Be6 18. Rae1 Rad8 19. d4 exd4 20. cxd4 dxe4 (20... Bxd4 21. e5 Qxe5 22. Qxe5 Bxe5 23. Bxe5 $16) 21. Nxe4 Qf5 22. Bxe6 Qxe6 23. Qh5 (23. Nc5 $11 Qd5+ 24. f3) 23... Bxd4 $17 24. Bxd4 Rxd4 25. f3 {[%emt 0:00:04] [#]} (25. Nc3 $17 Qb3 26. Nd1) 25... Kg7 $1 $19 (25... Rxb4 26. Nf2 Qf5 27. Qxh6 $15) 26. Nf2 ({Don't go for} 26. Nxg5 $2 Qd5 $19) 26... Nf6 27. Rxe6 Nxh5 28. Re4 Rfd8 29. b5 axb5 (29... cxb5 $2 {too greedy.} 30. Rxd4 Rxd4 31. axb5) 30. axb5 cxb5 31. Rb1 Rd2 32. Nfh3 Nf6 33. Re2 Rxe2 34. Nxe2 Rd2 35. Nhg1 Nd5 36. Rxb5 b6 37. Rb3 Ne5 38. f4 (38. h4 {might work better.}) 38... Nd3 $19 39. fxg5 hxg5 40. h3 $2 (40. g4 {was called for.}) 40... Nc5 $19 41. Rb1 Ne4 42. Rb3 f5 43. Kg2 g4 44. hxg4 fxg4 45. Kf1 b5 46. Nf4 Ndc3 $2 (46... Rc2 $19 {( -> ...Nxf4)} 47. Nxd5 Nd2+ 48. Ke1 Nxb3) 47. Nge2 $11 Rc2 48. Rb4 Kf6 49. Nxc3 $1 Nxc3 ({Don't play} 49... Nxg3+ 50. Ke1 $16) 50. Nd3 Kf5 51. Rf4+ Kg5 52. Nf2 Nd5 53. Rxg4+ Kf5 54. Rd4 Ke5 55. Re4+ Kd6 56. Nd3 Rd2 57. Rd4 b4 58. Ke1 Rg2 $1 59. Nxb4 Rxg3 60. Rxd5+ Ke6 61. Ke2 Rb3 62. Rd4 Ke5 63. Rh4 Rg3 64. Nd3+ Kd5 65. Kd2 Rg8 66. Nb4+ Ke5 67. Nc6+ Kd6 68. Nd4 Kd5 69. Ke3 Rg1 70. Rh5+ Kd6 71. Nf3 Rg4 72. Ra5 Rg3 73. Kf4 Rg2 74. Nd4 Rg1 75. Nf5+ Ke6 76. Ne3 Kd6 77. Ke4 Rh1 78. Nf5+ Kc6 79. Nd4+ Kd6 80. Ra6+ Ke7 81. Nf5+ Kd7 82. Rg6 Re1+ 83. Kd5 Rd1+ 84. Nd4 Ke7 85. Ra6 Kf7 86. Ke5 Re1+ 87. Kf4 Rf1+ 88. Nf3 Ke7 89. Ke4 Rh1 90. Ng5 Re1+ 91. Kf5 Rf1+ 92. Ke5 Re1+ 93. Ne4 Kd7 1/2-1/2

[Event "10th Cherry Blossom Classic 2023"]
[Site "Dulles"]
[Date "2023.05.26"]
[Round "2.3"]
[White "Sinha, Sahil"]
[Black "Kantor, Gergely"]
[Result "1/2-1/2"]
[ECO "E32"]
[WhiteElo "2317"]
[BlackElo "2535"]
[Annotator "TA"]
[PlyCount "44"]
[EventDate "2023.05.24"]
[EventType "swiss"]
[EventCountry "USA"]
[SourceTitle "playchess.com"]
[Source "ChessBase"]
[SourceQuality "1"]
[TimeControl "5400+30"]

1. d4 Nf6 2. c4 e6 3. Nc3 Bb4 4. Qc2 O-O 5. Nf3 d6 6. Bd2 c5 7. a3 $1 {[%emt 0:04:04][%mdl 4] now scores much better than the old 7.dxc5. E32: Nimzo-Indian: Classical (4 Qc2): 4...0-0.} Bxc3 8. Bxc3 cxd4 9. Nxd4 {[%emt 0:03:27] The position is equal.} e5 10. Nf3 Qc7 11. e3 {[%emt 0:03:45] [#]} a5 $146 ({Predecessor:} 11... Na6 12. b4 Be6 13. Bb2 Rac8 14. Rc1 b5 15. c5 dxc5 16. Qb1 Qb7 17. Bxe5 cxb4 18. Rxc8 Rxc8 19. Bxf6 gxf6 20. axb4 {0-1 Terrieux,K (2455)-Winants,L (2513) FRA-chT1B 0809 2008 (11.2)}) 12. Be2 Bg4 13. Rd1 Nbd7 14. h3 Bh5 15. O-O Rfc8 16. Rc1 Bg6 17. Qd1 h6 18. b4 axb4 19. axb4 Ra2 20. Ra1 Rca8 21. Qb3 Rxa1 22. Rxa1 Rxa1+ {[%emt 0:00:32] Weighted Error Value: White=0.04 (flawless) /Black=0.06 (flawless)} 1/2-1/2

[Event "10th Cherry Blossom Classic 2023"]
[Site "Dulles"]
[Date "2023.05.26"]
[Round "2.4"]
[White "Druska, Juraj"]
[Black "Ouellet, Maili-Jade"]
[Result "1/2-1/2"]
[ECO "B22"]
[WhiteElo "2496"]
[BlackElo "2246"]
[Annotator "TA"]
[PlyCount "133"]
[EventDate "2023.05.24"]
[EventType "swiss"]
[EventCountry "USA"]
[SourceTitle "playchess.com"]
[Source "ChessBase"]
[SourceQuality "1"]
[TimeControl "5400+30"]

1. e4 c5 2. c3 d5 3. exd5 Qxd5 4. d4 Nf6 5. Nf3 e6 6. Na3 Qd8 7. Nc4 {[%emt 0:00:34] is the new trend.} Nc6 8. Be3 {[%emt 0:00:19] B22: Sicilian: 2 c3.} Nd5 9. Bd3 cxd4 10. Nxd4 {[%emt 0:00:57] [#] White has an edge.} Bd7 $146 ({Predecessor:} 10... Nxe3 11. fxe3 Qh4+ 12. g3 Qg5 13. Nb5 Qd8 14. O-O Be7 15. Qh5 g6 16. Qh6 Bf8 17. Qf4 f5 18. Rad1 Rb8 19. Bxf5 Qf6 20. Nc7+ {1-0 Mammadov,Z (2453)-Guliev,L (2386) Nakhchivan op 2014 (6)}) 11. Qf3 Qc7 12. O-O-O {[%emt 0:12:09] aiming for Nb5. White is more active.} a6 {[%emt 0:15:17] Dodges Nb5} 13. Rhe1 Nxe3 14. Qxe3 Be7 15. Nxc6 Bxc6 16. Ne5 Bd6 17. Be4 Bxe4 18. Qxe4 Bxe5 19. Qxe5 Qxe5 20. Rxe5 $11 {[%emt 0:00:01][%mdl 4096] Endgame KRR-KRR} Ke7 21. f4 h5 22. f5 Kf6 23. Rc5 Rac8 24. Rxc8 Rxc8 {[%emt 0:00:04] KR-KR} 25. Rd7 b5 ({Don't play} 25... Kxf5 26. Rxf7+ Ke4 27. Rxb7 $16 (27. Rxg7 Rf8 $16)) 26. fxe6 Kxe6 27. Ra7 Rc6 28. Kd2 g5 29. Kd3 f6 30. Ke4 Rc4+ 31. Ke3 Rc6 32. Ke4 Rc4+ 33. Kd3 Rc6 (33... Ra4 $5 ) 34. b3 h4 35. c4 bxc4+ 36. bxc4 Ke5 37. Rd7 f5 {[%emt 0:00:48] Threatens to win with ...Rd6+.} 38. Rd5+ Ke6 {[%emt 0:00:12] Strongly threatening ...Rd6.} 39. Kd4 g4 ({Black should try} 39... Rb6 $11) 40. c5 $14 h3 ({Black should play} 40... Rc8 $14) 41. gxh3 $1 $16 gxh3 42. Rd8 f4 {[%emt 0:00:52] [#]} 43. Rf8 (43. Rh8 $1 $16) 43... Rc7 $14 44. Rxf4 {[%emt 0:00:10] Re4+ is the strong threat.} Rd7+ {[%emt 0:00:29] [#]} 45. Kc4 (45. Kc3 $1 $16) 45... Rd2 $11 {[%emt 0:00:45][%csl LRa2,LRh2] The position is equal.} 46. Re4+ Kf5 47. Rh4 Rxh2 48. c6 Kg5 (48... Rxa2 49. Rxh3 Ke6 50. Kc5 $18) 49. Rh8 Rc2+ (49... Rxa2 $2 50. Rxh3 Re2 51. c7 Re4+ 52. Kc5 $18) 50. Kd5 h2 (50... Rxa2 $2 51. Rxh3 Rc2 52. Kd6 $18) 51. Kd6 {[%emt 0:00:25] Hoping for a4.} Rxa2 52. c7 Rd2+ 53. Ke5 Re2+ 54. Kd6 Rd2+ 55. Ke7 Rc2 56. Kd7 (56. Kd6 $5 Rd2+ $8 $11) 56... Rd2+ 57. Kc6 Rc2+ 58. Kb7 (58. Kd7 $5 Rd2+ $8 59. Ke6 $11) 58... Rb2+ 59. Ka7 Rc2 60. Kb7 Rb2+ 61. Kxa6 Rc2 62. Kb7 (62. c8=N Rc6+ 63. Nb6 Rh6 64. Rxh6 Kxh6 $19) 62... Rb2+ 63. Kc6 Rc2+ 64. Kd6 {[%emt 0:00:03][%cal Oh8h2] Black must now prevent Rxh2!} (64. Kb7 $5 Rb2+ $8 65. Kc6 $11) 64... Rd2+ 65. Ke5 Re2+ 66. Kd6 (66. Kd4 $5 Rc2 $8 67. Ke5 $11) 66... Rd2+ 67. Ke5 {[%emt 0:00:03] Weighted Error Value: White=0.06 (flawless) /Black=0.08 (flawless)} 1/2-1/2

[Event "10th Cherry Blossom Classic 2023"]
[Site "Dulles"]
[Date "2023.05.26"]
[Round "2.5"]
[White "Brady, Tyson"]
[Black "Bora, Safal"]
[Result "0-1"]
[ECO "C68"]
[WhiteElo "2092"]
[BlackElo "2462"]
[Annotator "TA"]
[PlyCount "108"]
[EventDate "2023.05.24"]
[EventType "swiss"]
[EventCountry "USA"]
[SourceTitle "playchess.com"]
[Source "ChessBase"]
[SourceQuality "1"]
[TimeControl "5400+30"]

1. e4 e5 2. Nf3 Nc6 3. Bb5 a6 4. Bxc6 dxc6 5. O-O Qf6 6. d4 {[%emt 0:00:00] C68: Ruy Lopez: Exchange Variation, sidelines.} exd4 7. Bg5 Qd6 8. Nxd4 {[%emt 0:00:00] The position is equal.} Be7 9. Be3 {[%emt 0:00:00] The modern move.} Nh6 10. f3 {[%emt 0:00:00] Inhibits Ng4.} f5 11. Bxh6 Qxh6 12. Nxf5 Bxf5 13. exf5 O-O {[%emt 0:02:37] [#]} 14. Qe2 $146 {[%emt 0:00:00] White is weak on the dark squares} ({Predecessor:} 14. g3 Rad8 15. Qe2 Bc5+ 16. Kh1 Rxf5 17. Rd1 Rxd1+ 18. Qxd1 Rd5 19. Qf1 Bd6 20. Nc3 Rd2 21. Ne2 {0-1 Licznerski,L (2441)-Sargsyan,S (2645) EU-ch Rapid Katowice 2022 (5)}) 14... Bc5+ 15. Kh1 {[%emt 0:00:00] And now Qc4+ would win.} Rxf5 16. Nc3 Bd6 17. g4 Rf7 18. Ne4 Raf8 19. Nxd6 cxd6 20. Rae1 Qh3 21. f4 h6 (21... Rxf4 {is a self mate.} 22. Qe6+ Kh8 23. Rxf4) 22. f5 {[%emt 0:00:00] [#]} h5 $1 {[%emt 0:00:24][%mdl 64] Deflection} 23. gxh5 (23. Rd1 Qxg4) 23... Rxf5 24. Rxf5 Qxf5 $11 {[%emt 0:02:06][%mdl 4096] Endgame KQR-KQR} 25. h6 gxh6 26. Qe6+ Qxe6 27. Rxe6 $17 {[%emt 0:00:00][%cal Oh1g2] KR-KR} Rf1+ $1 ({Inferior is} 27... Rf2 28. Rxd6 Rxc2 29. Rd8+ Kf7 30. Rd7+ Ke6 31. Rxb7 $15) 28. Kg2 Rc1 29. Re2 Kf7 30. Kg3 Rg1+ 31. Kf4 Kf6 32. a4 Rg5 33. b3 a5 34. c4 Rg1 (34... Rf5+ $19 {has better winning chances.} 35. Kg4 d5) 35. Rb2 (35. Rd2 $17 {might work better.} Rf1+ 36. Ke4) 35... Rd1 36. Ke4 Re1+ 37. Kd3 Re5 38. b4 {[%emt 0:00:24] [#]} Ke6 $1 39. bxa5 (39. b5 $17) 39... Rxa5 $19 40. Rxb7 $2 (40. Rg2 Rxa4 41. Rg6+ Ke5 42. Rxh6) 40... Rxa4 41. Rg7 Ra3+ 42. Ke4 {[%emt 0:00:22] [#]} Rh3 $1 43. Rg6+ Ke7 $2 (43... Kd7 $19 44. Rg7+ Kc8) 44. Rg7+ $2 {[%emt 0:00:50][%mdl 8192] Loses the game.} (44. c5 $1 $11 {and White has nothing to worry.}) 44... Kf6 45. Rg2 Rh4+ 46. Kd3 Ke6 47. Re2+ Kd7 {[%emt 0:00:18] White must now prevent ...Kc7.} 48. Rf2 $2 (48. Kc3) 48... Rh3+ 49. Ke4 Kc7 50. Kf5 Rh4 51. Rc2 (51. Rf3 $142 Rxc4 52. Rh3) 51... Kb6 52. Rd2 Kc5 53. Ke6 Rxc4 {[%emt 0:00:22] ...Rd4 would be deadly.} ({Weaker is} 53... Kxc4 54. Kxd6 Kc3 55. Ra2 $11) 54. Rxd6 Rd4 {[%emt 0:14:36] Weighted Error Value: White=0.59/Black=0.21 (precise)} 0-1

[Event "10th Cherry Blossom Classic 2023"]
[Site "Dulles"]
[Date "2023.05.26"]
[Round "2.6"]
[White "Stearman, Josiah"]
[Black "Morefield, Jason"]
[Result "1/2-1/2"]
[ECO "E54"]
[WhiteElo "2385"]
[BlackElo "2167"]
[Annotator "TA"]
[PlyCount "59"]
[EventDate "2023.05.24"]
[EventType "swiss"]
[EventCountry "USA"]
[SourceTitle "playchess.com"]
[Source "ChessBase"]
[SourceQuality "1"]
[TimeControl "5400+30"]

1. d4 Nf6 2. c4 e6 3. Nc3 Bb4 4. e3 O-O 5. Bd3 d5 6. Nf3 dxc4 7. Bxc4 c5 8. O-O cxd4 9. exd4 b6 10. Qa4 {[%emt 0:00:06] E54: Nimzo-Indian: Rubinstein: Main Line: 7...dxc4 8 Bxc4.} Be7 11. Be3 Bb7 12. Ne5 a6 13. Qb3 b5 14. Nxf7 {[%emt 0:00:10][%mdl 64] Remove Defender} Rxf7 15. Bxe6 {[%emt 0:00:07] [#]} Qf8 $146 ({Predecessor:} 15... Qe8 16. Rfe1 Bc8 17. Bxf7+ Qxf7 18. Bg5 Qxb3 19. axb3 Kf7 20. Nxb5 Nbd7 21. Bf4 Bb7 {1-0 Van Foreest,J (2682)-Huschenbeth,N (2612) ESP-chT CECLUB Honor 2020 (7.4)}) 16. Rfe1 (16. Bg5 Nc6) 16... Nc6 17. Bg5 h6 18. Bxf6 Bxf6 19. Ne4 (19. Bxf7+ $11 {keeps the balance.} Qxf7 20. Ne4 (20. Qxf7+ Kxf7 21. Ne4 Rd8 $15) 20... Qxb3 21. Nxf6+ Kf7 22. axb3 Kxf6 23. Rad1) 19... Nxd4 $17 (19... Bxd4 $2 20. Bxf7+ Qxf7 21. Qxf7+ Kxf7 22. Nd6+ Kg8 23. Nxb7 $18) 20. Nxf6+ {[%emt 0:00:20] [#]} ({White must play} 20. Bxf7+ $15 Kh8 21. Qd1 Qxf7 22. Nd6) 20... Kh8 $1 $19 ({And not} 20... gxf6 21. Bxf7+ Qxf7 22. Qxf7+ Kxf7 23. Rad1 $11) 21. Qd3 (21. Bxf7 $2 {too greedy.} Nxb3 22. Bxb3 Qxf6 $19) 21... Nf3+ (21... Rxf6 $19 22. Qxd4 Rg6) 22. gxf3 $17 Rxf6 23. Bg4 Rd8 ({Black should try} 23... Bxf3 24. Bxf3 Rxf3) 24. Qc2 Rxf3 (24... Bxf3 {simplifies} 25. Bxf3 Rxf3 26. Re5 Rf4) 25. Rad1 $1 {[%emt 0:02:31] And now Rxd8 would win.} Rxd1 (25... Rf4 $5 26. h3 Rb8 $15) 26. Rxd1 Rf4 27. h3 Bf3 28. Bxf3 {[%emt 0:03:13] The position is equal.} Rxf3 29. Rd3 Rxd3 30. Qxd3 {[%emt 0:00:06] An exciting game.   Weighted Error Value: White=0.18 (very precise) /Black=0.13 (very precise)} 1/2-1/2

[Event "10th Cherry Blossom Classic 2023"]
[Site "Dulles"]
[Date "2023.05.26"]
[Round "2.7"]
[White "Ismayilova, Khanim"]
[Black "Park, Evan"]
[Result "0-1"]
[ECO "D94"]
[WhiteElo "1562"]
[BlackElo "2380"]
[Annotator "TA"]
[PlyCount "112"]
[EventDate "2023.05.24"]
[EventType "swiss"]
[EventCountry "USA"]
[SourceTitle "playchess.com"]
[Source "ChessBase"]
[SourceQuality "1"]
[TimeControl "5400+30"]

1. c4 e6 2. Nc3 d5 3. e3 g6 4. d4 Bg7 5. Nf3 Nf6 6. Bd3 {[%emt 0:03:38] D94: Grünfeld: 4 Nf3 Bg7 5 e3.} O-O 7. O-O b6 8. e4 {[%emt 0:07:39] White is slightly better.} dxe4 9. Nxe4 (9. Bxe4 Nxe4 10. Nxe4 Nc6 $15) 9... Bb7 {[%emt 0:00:08] [#]} 10. Bg5 $1 {[%emt 0:02:26][%cal Of3e5] [#]} Nc6 $146 {[%emt 0:06:38] [#]} (10... Nbd7 $5 ) ({Predecessor:} 10... Nbd7 11. Re1 h6 12. Bh4 Qc8 13. Nxf6+ Nxf6 14. Qd2 Bxf3 15. gxf3 Qd7 16. Bxf6 Bxf6 {0-1 Obolentseva,A (2283)-Ponkratov,P (2595) Voronezh op-A 21st 2017 (2)}) 11. d5 exd5 (11... Nb4 $5 ) 12. cxd5 Nb4 13. Bc4 h6 14. Nxf6+ Bxf6 15. Bxh6 Re8 16. Qd2 Nxd5 17. Rad1 c6 18. Bg5 Bxg5 19. Nxg5 Qf6 20. Rfe1 Rad8 21. Ne4 Qf5 22. Nc3 Kh7 23. Bd3 $2 (23. Bxd5 $14 {stays ahead.} cxd5 24. Qd4) 23... Rxe1+ $19 24. Qxe1 Nxc3 $1 25. Qxc3 {[%emt 0:00:59] [#]} (25. Bxf5 $2 Rxd1 $19) 25... Ba6 $1 {[%emt 0:00:59][%mdl 64] Pin} 26. Bc2 Rxd1+ 27. Bxd1 {[%emt 0:00:06][%mdl 4096] Endgame KQB-KQB} Qb1 (27... Qb5 $19 28. Qe1 Qxb2) 28. Qd4 $2 {[%emt 0:04:29][%mdl 8192] [#]} ({White should try} 28. Qf3 $15) 28... Be2 $1 ({Inferior is} 28... Qxa2 29. Qh4+ Kg8 30. Qd8+ Kh7 31. Qh4+ Kg8 32. Qd8+ Kh7 33. Qh4+ $11) 29. Qh4+ Bh5 30. h3 Qxd1+ 31. Kh2 Qd6+ 32. Kg1 Kg7 33. g4 Qf4 34. Qe7 {[%emt 0:04:00] [#]} (34. b3 {is a better defense.}) 34... Bxg4 $1 35. hxg4 Qxg4+ {[%emt 0:00:02] KQ-KQ} 36. Kf1 Qd1+ 37. Kg2 Qd5+ 38. Kg1 a5 (38... Qxa2 $2 {loses.} 39. Qe5+ Kh6 40. Qh2+ Kg5 41. Qe5+ Kh4 42. Qh2+ Kg4 43. Qg3+ Kf5 44. Qf3+ Kg5 45. Qg2+ Kf4 46. Qxc6 $19) 39. Qe3 Qc5 {[%emt 0:00:48] And now ...Qxe3 would win.} (39... Qxa2 $2 {too greedy.} 40. Qe5+ f6 41. Qc7+ Kh6 42. Qf4+ Kh5 43. Qf3+ Kg5 44. Qe3+ Kg4 45. Qg3+ Kh5 46. Qf3+ Kg5 47. Qg3+ Kf5 48. Qf3+ Ke5 49. Qe3+ Kd6 50. Qxb6 $19) 40. Qd2 a4 41. a3 b5 {[%emt 0:00:05] Hoping for ...Qc4.} 42. Kf1 $2 (42. b4 axb3 43. Qb2+ f6 44. Qxb3) 42... Qc4+ 43. Kg1 c5 44. Qe3 Qg4+ 45. Kf1 Qd1+ 46. Kg2 Qd5+ 47. Kg1 b4 48. axb4 cxb4 49. Qa7 Qd1+ (49... Qd2 $142 50. Qxa4 Qxb2) 50. Kg2 Qd2 51. Qxa4 Qxb2 {[%emt 0:00:08] ...Qc3 is the strong threat.} 52. Qa7 Qc3 {[%emt 0:00:05] ( -> ...b3)} 53. Qb6 b3 {[%emt 0:00:06] Black mates.} 54. Qb5 b2 55. Qb6 Qe5 56. Kh3 Qf5+ {[%emt 0:00:18] Weighted Error Value: White=0.81/Black=0.22 (precise)} 0-1

[Event "10th Cherry Blossom Classic 2023"]
[Site "Dulles"]
[Date "2023.05.26"]
[Round "2.8"]
[White "Samuelson, Andrew"]
[Black "Nyzhnyk, Illya"]
[Result "0-1"]
[ECO "B90"]
[WhiteElo "2019"]
[BlackElo "2644"]
[Annotator "TA"]
[PlyCount "89"]
[EventDate "2023.05.24"]
[EventType "swiss"]
[EventCountry "USA"]
[SourceTitle "playchess.com"]
[Source "ChessBase"]
[SourceQuality "1"]
[TimeControl "5400+30"]

1. e4 c5 2. Nf3 d6 3. d4 cxd4 4. Nxd4 Nf6 5. Nc3 a6 6. Be3 e5 7. Nb3 Be6 8. f3 h5 9. Qd2 Nbd7 10. Nd5 {[%emt 0:00:21] B90: Sicilian Najdorf: Unusual White 6th moves, 6 Be3 Ng4 and 6 Be3 e5.} Bxd5 11. exd5 g6 12. c4 {[%emt 0:00:29] White has an edge.} Bg7 13. Be2 b6 {[%emt 0:05:05] Wards off Na5} 14. O-O O-O 15. Rac1 a5 16. Na1 Nc5 17. Nc2 Nfd7 18. Na3 f5 19. Nb5 Nf6 20. b3 {[%emt 0:05:20] [#]} Qe7 $146 ({Predecessor:} 20... e4 21. f4 Ng4 22. Bxg4 hxg4 23. Nd4 Re8 24. Rcd1 Kh7 25. Qf2 Qf6 26. h3 gxh3 27. gxh3 {1-0 Forgacs,A (2215)-Szeberenyi,A (2328) Budapest FS07 IM 2022 (6)}) 21. Qc2 (21. Bd1 $16) 21... e4 22. f4 ({White should play} 22. Bf4 $16) 22... Ng4 $11 23. Bxg4 hxg4 24. Rcd1 Rfc8 25. Qe2 a4 26. Rb1 (26. h3 {with more complications.} axb3 27. axb3 gxh3 28. g4) 26... axb3 27. axb3 Ra6 28. Bd4 ({Better is} 28. Rfd1 $15) 28... Rca8 $17 29. Bxg7 (29. Qe3 $17) 29... Qxg7 $19 30. Qb2 Qxb2 31. Rxb2 Nd3 32. Re2 Ra1 33. g3 {[%emt 0:00:17] [#]} g5 34. fxg5 $15 (34. Nxd6 $2 {perishes.} gxf4 35. gxf4 (35. Nxf5 {is a self mate.} Rxf1+ {[%mdl 64] Remove Defender} 36. Kxf1 Ra1+) 35... Rxf1+ 36. Kxf1 Ra1+ 37. Kg2 Nxf4+ 38. Kf2 Nxe2 39. Kxe2 f4 40. Nxe4 Ra2+ 41. Kf1 Rxh2 42. Nf6+ Kf8 43. Nxg4 Rb2 $19) 34... Rxf1+ 35. Kxf1 {[%emt 0:00:08][%mdl 4096] Endgame KRN-KRN} Ra1+ 36. Kg2 f4 37. gxf4 Nxf4+ 38. Kf2 Nxe2 39. Kxe2 $11 {[%emt 0:00:04] KR-KN} Ra2+ 40. Ke3 Rxh2 41. Kxe4 $2 {[%emt 0:00:31][%mdl 8192] [#] This move loses the game for White.} (41. Nxd6 $11 Rh3+ 42. Kxe4) 41... Rf2 $1 $19 {[%emt 0:00:24] ( -> ...g3)} 42. Nxd6 g3 {[%emt 0:00:04][%cal Bg4g3,Bg3g2][%mdl 32] Black mates.} 43. Ke3 Rf1 44. Ne4 g2 45. Kd4 {[%emt 1:04:55] Weighted Error Value: White=0.46/Black=0.10 (very precise)} 0-1

[Event "10th Cherry Blossom Classic 2023"]
[Site "Dulles"]
[Date "2023.05.26"]
[Round "2.9"]
[White "Durarbayli, Vasif"]
[Black "Laddha, Yash Jayesh"]
[Result "1-0"]
[ECO "C54"]
[WhiteElo "2627"]
[BlackElo "2195"]
[Annotator "TA"]
[PlyCount "57"]
[EventDate "2023.05.24"]
[EventType "swiss"]
[EventCountry "USA"]
[SourceTitle "playchess.com"]
[Source "ChessBase"]
[SourceQuality "1"]
[TimeControl "5400+30"]

1. e4 e5 2. Nf3 Nc6 3. Bc4 Nf6 4. d3 Bc5 5. O-O d6 6. c3 O-O 7. Re1 $1 {[%emt 0:00:06][%mdl 4] is currently scoring better than 7.Bb3.} a5 {[%emt 0:00:11] C54: Giuoco Piano: 4 c3 Nf6, main lines with 5 d4 and 5 d3.} 8. h3 Be6 9. Bxe6 fxe6 {[%emt 0:00:05] The position is equal.} 10. Be3 Bxe3 11. Rxe3 {[%emt 0:00:08] [#]} Ne7 $146 ({Predecessor:} 11... d5 12. Qb3 a4 13. Qc2 d4 14. cxd4 exd4 15. Re1 Nh5 16. Nbd2 Nf4 17. a3 Qf6 {0-1 Sadhwani,R (2627)-Giri,A (2768) Chessable Masters Div 2 Lose rapid 2023 (1.3)}) 12. Nbd2 Ng6 13. d4 exd4 14. cxd4 ({Don't play} 14. Nxd4 Qd7 $11) 14... Kh8 15. Qb3 Qd7 16. Rc1 (16. Qxb7 $2 {is the wrong capture.} Rfb8 $19) 16... b6 17. Qc2 c5 (17... Rac8 $14) 18. dxc5 $16 bxc5 19. Nc4 {[%emt 0:00:32] Strongly threatening Nb6.} Qc7 {[%emt 0:05:06] [#] Dodges Nb6} 20. Nxd6 $1 {[%emt 0:01:01][%mdl 576] Discovered Attack, Remove Defender, Decoy. White is more active.} Qxd6 21. e5 (21. Qxc5 $2 Qd7 22. Qd4 Qb7 $19) 21... Qe7 {[%emt 0:03:56] White must now prevent ...Nd5.} 22. exf6 Qxf6 23. Qc3 e5 24. Qxc5 e4 25. Rxe4 Qxb2 26. Qc2 Qb7 27. Rb1 Qd7 28. Rd1 Qf5 29. Rc4 {[%emt 0:03:58] Weighted Error Value: White=0.06 (flawless) /Black=0.13 (very precise)} 1-0